AoeStats
← RATMAN

Highland

505801248Analyzed
2v2 RM · 22d ago on Sep 11, 2026· 99m 27s· 4 players
Game mode
Random Map
Map size
Medium (4 player)
Population
200
Speed
Normal
Resources
Standard
Victory
Conquest
Starting age
Dark Age
Ending age
Imperial Age
RankedLock teamsTeams togetherTeam positionsShared explorationLock speedFull tech treeHidden civsTurbo modeCheats
Victory
Defeat
🇲🇽 Teutons · Mexico
601
+16
🇲🇽 Khmer · Mexico
595
+16
🇺🇸 Portuguese · United States
605
-16
🇺🇸 Jurchens · United States
602
-16
Sadek
3:43 Loom
13:54 Feudal Age
14:19 Horse Collar
14:56 Fishing Lines
15:17 Double-Bit Axe
16:37 Wheelbarrow
16:24 Town Watch
21:53 Forging
25:43 Scale Mail Armor
35:23 Castle Age
38:27 Fletching
38:50 Stone Mining
38:51 Gold Mining
39:50 Bodkin Arrow
40:36 Stone Shaft Mining
45:42 Ballistics
45:41 Heated Shot
46:45 Caravan
48:12 Heavy Plow
48:44 Hand Cart
49:36 Squires
48:57 Pikeman
54:52 Imperial Age
53:12 Bow Saw
54:24 Bloodlines
54:29 Arson
55:05 Masonry
55:07 Fortified Wall
56:04 Crenellations
55:43 Arrowslits
57:57 Iron Casting
57:30 Scale Barding Armor
60:28 Chemistry
60:57 Blast Furnace
60:18 Chain Barding Armor
59:37 Cavalier
61:12 Conscription
60:39 Elite Teutonic Knight
61:55 Hoardings
61:41 Chain Mail Armor
62:48 Two-Man Saw
62:23 Crop Rotation
62:13 Town Patrol
62:58 Paladin
64:06 Guilds
66:05 Plate Barding Armor
66:01 Plate Mail Armor
79:24 Halberdier
98:53 Fervor
Goberneitor
11:37 Feudal Age
9:53 Loom
12:26 Double-Bit Axe
16:33 Horse Collar
17:30 Wheelbarrow
16:41 Town Watch
21:45 Castle Age
23:54 Bow Saw
26:48 Pikeman
29:22 Hand Cart
30:01 Tusk Swords
30:46 Stone Mining
30:49 Gold Mining
31:19 Town Patrol
32:19 Gold Shaft Mining
32:31 Stone Shaft Mining
33:29 Caravan
33:54 Bloodlines
34:43 Husbandry
34:06 Light Cavalry
41:14 Scale Barding Armor
41:21 Forging
41:12 Scale Mail Armor
44:18 Imperial Age
46:04 Chemistry
45:00 Murder Holes
45:24 Fortified Wall
45:42 Heavy Plow
45:39 Elite Ballista Elephant
46:30 Double Crossbow
48:00 Crop Rotation
47:44 Elite Battle Elephant
50:01 Iron Casting
49:42 Chain Mail Armor
49:47 Chain Barding Armor
52:20 Hoardings
51:16 Sappers
52:07 Conscription
54:38 Plate Barding Armor
55:09 Blast Furnace
54:12 Padded Archer Armor
54:02 Fletching
60:47 Coinage
61:05 Leather Archer Armor
62:55 Banking
63:28 Ballistics
63:21 Masonry
63:17 Siege Engineers
63:03 Guard Tower
63:04 Heated Shot
77:32 Halberdier
77:33 Man-at-Arms
77:59 Arson
RATMAN
12:17 Feudal Age
21:27 Castle Age
21:45 Horse Collar
21:50 Double-Bit Axe
29:30 Bloodlines
29:21 Husbandry
32:40 Scale Barding Armor
32:37 Padded Archer Armor
32:27 Fletching
32:40 Scale Mail Armor
32:51 Forging
38:57 Medium Warships
41:30 Imperial Age
40:08 Wheelbarrow
39:21 Town Watch
39:23 Loom
40:02 Siphons
40:01 Murder Holes
40:32 Clinker Construction
43:50 Elite Iron Pagoda
47:42 Chemistry
47:13 Ballistics
46:49 Elite Steppe Lancer
47:01 Elite Steppe Lancer
49:46 Heavy Warships
55:47 Hand Cart
59:24 Forging
59:17 Bodkin Arrow
58:46 Pikeman
58:54 Elite Fire Lancer
59:20 Halberdier
60:00 Gambesons
60:16 Squires
60:02 Arson
71:54 Heavy Rocket Cart
73:29 Town Patrol
75:49 Elite Fire Lancer
97:45 Heavy Scorpion
neonraven
13:45 Feudal Age
12:00 Loom
18:22 Castle Age
18:02 Double-Bit Axe
18:02 Horse Collar
19:00 Wheelbarrow
24:57 Bow Saw
41:26 Imperial Age
39:16 Hand Cart
38:52 Town Watch
39:42 Town Patrol
40:48 Town Patrol
42:15 Heavy Plow
43:17 Two-Man Saw
42:09 Gold Mining
42:10 Stone Mining
44:09 Elite Organ Gun
44:51 Arquebus
45:11 Conscription
45:56 Chemistry
45:16 Ballistics
45:41 Stone Shaft Mining
47:15 Circumnavigation
47:01 Elite Cannon Galleon
49:56 Medium Warships
58:52 Scale Mail Armor
59:04 Forging
58:57 Pikeman
59:24 Gambesons
60:27 Halberdier
61:30 Chain Mail Armor
61:50 Iron Casting
63:44 Plate Mail Armor
64:15 Blast Furnace
Connection lost

Rejoining the realm…

Still unreachable

The connection could not be restored.

Session expired

The server has moved on; the page needs a fresh start.